 Dungeon Sprint DCSS version 0.30-a0-137-gd8773701ce (webtiles) character file.

Game seed: 15024383235582973696

1200000 howech the Eclecticist (level 14, -42/110 HPs)
             Began as a Djinni Warper on Sept 21, 2022.
             Was a Believer of Makhleb.
             Annihilated by a meat berserker
             ... wielding a +9 battleaxe
              (76 damage)
             ... in the Dungeon (Sprint VIII: "Arena of Blood").
             The game lasted 00:00:39 (12 turns).

howech the Eclecticist (Djinni Warper)                Turns: 12, Time: 00:00:40

Health: -42/110    AC:  3    Str: 10    XL:     14   Next: 47%
Gold:   0          EV: 18    Int: 16    God:    Makhleb [**....] SH:  0 Dex: 17

rFire   + + .      SeeInvis .    h - +∞ Axe of Woe
rCold   x . .      Faith    .    (shield currently unavailable)
rNeg    . . .      Spirit   .    a - +0 leather armour
rPois   ∞          Reflect  .    (no helmet)
rElec   .          Harm     .    (no cloak)
rCorr   .          Rampage  .    (no gloves)
Will    +....      NoTele   +    (boots unavailable)
Stlth   +.........               (no amulet)
HPRegen 0.28/turn                (no ring)
MPRegen 0.00/turn                (no ring)

@: flying
A: sickness immunity, fire resistance 2, cold vulnerability 1, float, innate
caster, HP casting, extra vitality 1
a: Renounce Religion, Minor Destruction


You were in the Dungeon.
You worshipped Makhleb.
Makhleb was pleased with you.
You visited 1 branch

Inventory:

Hand Weapons
 h - the +∞ Axe of Woe (weapon)
   (You found it in the Dungeon)
Missiles
 c - 7 boomerangs of dispersal (quivered)
Armour
 a - a +0 leather armour (worn)
Scrolls
 b - 2 scrolls of blinking
Potions
 d - a potion of curing
 e - a potion of heal wounds
 f - a potion of haste
 g - a potion of berserk rage


   Skills:
 + Level 13.2 Fighting
 * Level 11.0 Axes
 + Level 4.3 Throwing
 + Level 4.9 Armour
 + Level 12.4 Dodging
 + Level 11.8 Unarmed Combat
 + Level 20.6 Spellcasting
 * Level 12.4 Invocations


You had 20 spell levels left.
You knew the following spells:

 Your Spells              Type           Power      Damage    Failure   Level
a - Blink                 Tloc           100%       N/A       0%          2
b - Lesser Beckoning      Tloc           70%        N/A       0%          3
c - Gell's Gravitas       Tloc           70%        N/A       0%          3
d - Teleport Other        Tloc           70%        N/A       0%          3
e - Manifold Assault      Tloc           70%        N/A       0%          4
f - Foxfire               Conj/Fire      100%       2x1d9     0%          1
g - Poisonous Vapours     Pois/Air       100%       N/A       0%          2
h - Passwall              Tmut/Erth      58%        N/A       0%          2
i - Summon Ice Beast      Ice/Summ       70%        N/A       0%          4
j - Lightning Bolt        Conj/Air       35%        1d53      1%          5
k - Alistair's Intoxicat  Tmut/Pois      46%        N/A       1%          5
Your spell library was empty.

Dungeon Overview and Level Annotations

Branches:
Dungeon (1/1)

Altars:
Makhleb


Innate Abilities, Weirdness & Mutations

You are immune to sickness and miasma.
You are immune to poison.
Your flesh is very heat resistant. (rF++)
You are vulnerable to cold. (rC-)
You float through the air rather than walking.
You learn spells naturally, not from books.
Your magical power is your life essence.
You have superior vitality. (+4 MHP)


Message History

Your Throwing skill increases to level 4!
Your Dodging skill increases to level 12!
Your Spellcasting skill increases to level 20!
Your Invocations skill increases to level 11!
You have reached level 14!
Unknown command.
You slash the bag of meat!
You butcher the bag of meat messily.
You kill the bag of meat!
Makhleb accepts your kill.
You feel better.
You hear a shout! x13
Your Fighting skill increases to level 13!
Your Axes skill gained 2 levels and is now at level 11!
Your Invocations skill increases to level 12!
Unknown command.
Unknown command.
Unknown command.
Unknown command.
The bag of meat appears out of thin air!
A bag of meat comes into view. It is wielding a +9 war axe.
You hear a shout! x3
The meat berserker rages. x2
You hear a shout! x2
A meat berserker comes into view. It is wielding a +9 battleaxe.
You hear a shout! x2
A meat berserker comes into view. It is wielding a +9 battleaxe.
You hear a shout! x2
Items here: ))) === ††.
Unknown command.
Unknown command.
You slash the bag of meat!
You dissect the bag of meat like a pig carcass.
You kill the bag of meat!
Makhleb accepts your kill.
You hear a shout! x11
The meat berserker rages.
The meat berserker hits you with a +9 battleaxe.
The meat berserker hits you with a +9 battleaxe!!!!
Ouch! That really hurt!
You die...

#.. ..# ....###...
..###.
.........###......
.#........_.....
.......#.....#
.......#o.<._# .
.......#.....#....
.#........_.......
..O...O@O###......
....###o))O...###.
. #.......#
#o......#
..........
..O........
...........
...........#


You could see 5 meat berserkers and 3 bags of meat.

Vanquished Creatures
  7 orcs (D)
7 creatures vanquished.

Notes
Turn   | Place    | Note
-------+----------+-------------------------------------------
     0 | D        | Found the +∞ Axe of Woe
     0 | D        | howech the Djinni Warper began the quest for the Orb.
     0 | D        | howech set off with the following spells memorised: Blink,
                  | Lesser Beckoning, Gell's Gravitas, Teleport Other, Manifold
                  | Assault.
     0 | D        | Reached XP level 1. HP: 18/18 MP: 0/0
     1 | D        | Noticed a bag of meat
     1 | D        | Noticed a bag of meat
     3 | D        | Became a worshipper of Makhleb the Destroyer
     3 | D        | Noticed a bag of meat
     5 | D        | Noticed a bag of meat
     5 | D        | Noticed a bag of meat
     6 | D        | Killed a bag of meat
     6 | D        | Noticed a bag of meat
     7 | D        | Reached skill level 15 in Spellcasting
     7 | D        | Reached XP level 2. HP: 34/34 MP: 0/0
     7 | D        | Reached XP level 3. HP: 40/40 MP: 0/0
     7 | D        | Learned a level 1 spell: Foxfire
     7 | D        | Reached XP level 4. HP: 45/45 MP: 0/0
     7 | D        | Reached XP level 5. HP: 50/50 MP: 0/0
     7 | D        | Learned a level 2 spell: Poisonous Vapours
     7 | D        | Reached XP level 6. HP: 57/57 MP: 0/0
     7 | D        | Reached XP level 7. HP: 61/61 MP: 0/0
     7 | D        | Learned a level 2 spell: Passwall
     7 | D        | Reached XP level 8. HP: 67/67 MP: 0/0
     7 | D        | Reached XP level 9. HP: 73/73 MP: 0/0
     7 | D        | Learned a level 4 spell: Summon Ice Beast
     7 | D        | Reached XP level 10. HP: 78/78 MP: 0/0
     7 | D        | Reached XP level 11. HP: 84/84 MP: 0/0
     7 | D        | Learned a level 5 spell: Lightning Bolt
     7 | D        | Killed a bag of meat
     7 | D        | Reached * piety under Makhleb
     7 | D        | Noticed a bag of meat
     8 | D        | Reached skill level 10 in Fighting
     8 | D        | Reached skill level 10 in Dodging
     8 | D        | Reached skill level 10 in Unarmed Combat
     8 | D        | Reached skill level 17 in Spellcasting
     8 | D        | Reached XP level 12. HP: 17/93 MP: 0/0
     8 | D        | Killed a bag of meat
     8 | D        | Killed a bag of meat
     8 | D        | Noticed a bag of meat
     8 | D        | Noticed a meat berserker
     9 | D        | Reached skill level 19 in Spellcasting
     9 | D        | Reached skill level 10 in Invocations
     9 | D        | Reached XP level 13. HP: 20/101 MP: 0/0
     9 | D        | Learned a level 5 spell: Alistair's Intoxication
     9 | D        | Killed a bag of meat
     9 | D        | Reached ** piety under Makhleb
     9 | D        | Noticed a meat berserker
     9 | D        | Noticed a bag of meat
     9 | D        | Noticed a meat berserker
    10 | D        | Reached skill level 20 in Spellcasting
    10 | D        | Reached XP level 14. HP: 21/108 MP: 0/0
    10 | D        | Killed a bag of meat
    11 | D        | Noticed a meat berserker
    11 | D        | Noticed a meat berserker
    12 | D        | Noticed a bag of meat
    12 | D        | Killed a bag of meat
    12 | D        | Annihilated by a meat berserker

Illustrated notes

Levels and vault maps discovered:
D:        meatsprint

Skill      XL: |  1  2  3  4  5  6  7  8  9 10 11 12 13 14 |
---------------+-------------------------------------------+-----
Fighting       | 9 10 12 13 | 13.2
Axes           | 3 6 8 9 11 | 11.0
Throwing       | 3 4 |  4.3
Armour         | 3 4 |  4.9
Dodging        | 9 10 11 12 | 12.4
Unarmed Combat | 9 10 11 | 11.8
Spellcasting   | 15 17 19 20 | 20.6
Invocations    | 6 10 11 12 | 12.4

Action                   |  1- 3 |  4- 6 |  7- 9 | 10-12 | 13-15 || total
-------------------------+-------+-------+-------+-------+-------++-------
Melee: Executioner's axe |     1 |       |       |     2 |     3 ||     6

Table legend: (Time is in decaauts)
 A = Elapsed time spent in this place.
 B = Non-inter-level travel time spent in this place.
 C = Inter-level travel time spent in this place.
 D = Time resting spent in this place.
 E = Time spent auto-exploring this place.
 F = Levels seen in this place.
 G = Mean time per level.
                   A        B        C        D        E       F      G
               +--------+--------+--------+--------+--------+-----+--------+
         Total |     14 |     14 |      0 |      0 |      0 |   1 |   14.0 |
       Dungeon |     14 |     14 |      0 |      0 |      0 |   1 |   14.0 |
               +--------+--------+--------+--------+--------+-----+--------+

Top non-repeatable levels by time:
       D: 14 daAuts
